 Dungeon Crawl Stone Soup version 0.26.1-10-gdfb7c7de75 (webtiles) character file.

Game seed: 2239966617572546335

34 Thatpatchoflichen the Sneak (level 3, 0/22 HPs)
             Began as a Kobold Brigand on Apr 10, 2021.
             Killed from afar by Natasha (4 damage)
             ... with a magic dart
             ... on level 3 of the Dungeon.
             The game lasted 00:02:25 (1188 turns).

Thatpatchoflichen the Sneak (Kobold Brigand)        Turns: 1188, Time: 00:02:26

Health: 0/22       AC:  3    Str:  8    XL:     3   Next: 50%
Magic:  3/3        EV: 15    Int: 12    God:
Gold:   66         SH:  0    Dex: 17    Spells: 2/2 levels left

rFire    . . .     SeeInvis .   a - +2 dagger
rCold    . . .     Faith    .   (shield restricted)
rNeg     . . .     Spirit   .   f - +0 robe
rPois    .         Reflect  .   (no helmet)
rElec    .         Harm     .   c - +0 cloak
rCorr    .         Rampage  .   (no gloves)
Will     .....                  (no boots)
Stlth    ++++......             (no amulet)
HPRegen  0.07/turn              (no ring)
MPRegen  0.08/turn              (no ring)

@: no status effects
A: small, nightstalker 3
a: no special abilities


You were on level 3 of the Dungeon.
You visited 1 branch of the dungeon, and saw 3 of its levels.

You collected 66 gold pieces.

Inventory:

Hand Weapons
 a - a +2 dagger (weapon)
Missiles
 d - 8 poisoned darts (quivered)
 e - 2 curare-tipped darts
Armour
 c - a +0 cloak (worn)
 f - a +0 robe (worn)
 n - a +0 leather armour
Scrolls
 b - a scroll of fear {unknown}
 i - 4 scrolls of identify {unknown}
 j - a scroll of enchant armour {unknown}
 l - a scroll of remove curse {unknown}
 m - a scroll of random uselessness {unknown}
 p - a scroll of teleportation {unknown}
Potions
 g - a potion of might {unknown}
 h - 2 potions of haste {unknown}
 k - a potion of attraction {unknown}
 o - a potion of curing {unknown}


   Skills:
 + Level 2.9 Fighting
 + Level 3.5 Short Blades
 - Level 2.1 Throwing
 + Level 2.3 Dodging
 - Level 5.3 Stealth


You had 2 spell levels left.
You didn't know any spells.
Your spell library was empty.

Dungeon Overview and Level Annotations

Branches:
Dungeon (3/15)

Altars:

Annotations:
D:3 Natasha


Innate Abilities, Weirdness & Mutations

You are small and have problems with some larger weapons.
You are completely attuned to the shadows.


Message History

The adder is lightly wounded.
The adder barely misses you. The goblin closely misses you.
You hit the adder.
The adder is heavily wounded.
The adder bites you. The goblin hits you.
You hit the adder.
The adder is severely wounded.
The adder bites you. The goblin barely misses you.
You hit the adder.
The adder is almost dead.
The adder bites you. Natasha claws you.
* * * LOW HITPOINT WARNING * * *
A kobold comes into view.
The goblin barely misses you. The adder closely misses you.
You barely miss the adder.
The adder is almost dead.
The adder misses you. Natasha casts a spell at you. The magic dart hits you.
You die...

#########
######.......##
#.............#
#.#...P..P..g.##
##.#..........@.#
#.<..P......PhS....
#.#.............####
#................#
#..#...P... K.P..#
.#.......


You could see Natasha, an adder, a goblin and a kobold (wandering).

Vanquished Creatures
  An ooze (D:1)
  2 dart slugs (D:1)
  A leopard gecko (D:1)
  A giant cockroach (D:2)
  2 goblins (D:1)
  3 hobgoblins (D:1)
  7 bats
  A frilled lizard (D:1)
  5 kobolds
  2 rats (D:2)
25 creatures vanquished.

Notes
Turn   | Place    | Note
-------+----------+-------------------------------------------
     0 | D:1      | Thatpatchoflichen the Kobold Brigand began the quest for
                  | the Orb.
     0 | D:1      | Reached XP level 1. HP: 12/12 MP: 1/1
   244 | D:1      | Reached XP level 2. HP: 18/18 MP: 2/2
   476 | D:1      | Reached XP level 3. HP: 22/22 MP: 3/3
  1183 | D:3      | Noticed Natasha
  1188 | D:3      | Killed from afar by Natasha

Illustrated notes

Levels and vault maps discovered:
D:1:      heliophobic_arrival_enchanted_forest, layout_basic
D:2:      layout_loops_ring, minivault_11
D:3:      minmay_inner_zag, layout_loops_ring, portal_sewer_entry_a,
          minmay_misc_feat_plants, minmay_crystal_water, uniq_natasha

Skill      XL: |  1  2 |
---------------+-------+-----
Short Blades   | 3 |  3.5
Dodging        | 2 |  2.3
Fighting       | |  2.9
Throwing       | |  2.1
Stealth        | |  5.3

Action                   || total
-------------------------++-------
Melee: Dagger            ||    50
 Stab: Sleeping          ||    15
Armor: Robe              ||     4
Dodge: Dodged            ||    29
